 Dungeon Crawl Stone Soup version 0.13-a0-2484-gc765b08 (console) character file.

51638 Kellhus the Brawler (level 14, 95/95 HPs)
             Began as a Gargoyle Wizard on July 10, 2013.
             Was the Champion of Okawaru.
             Quit the game on Level 4 of the Orcish Mines on July 20, 2013.
             The game lasted 01:38:11 (28437 turns).

Kellhus the Brawler (Gargoyle Wizard)              Turns: 28437, Time: 01:38:11

HP  95/95        AC 31     Str 10      XL: 14   Next: 52%
MP  36/36        EV 10     Int 30      God: Okawaru [******]
Gold 1870        SH  0     Dex  8      Spells:  7 memorised,  3 levels left

Res.Fire  : . . .   See Invis. : +     - Unarmed
Res.Cold  : + . .   Warding    : .   b - +2 leather armour of the Spheres {+Inv rPo Life Prot.: + + . Conserve : . (no shield)
Res.Poison: +       Res.Corr.  : .   y - +3 hat of Pondering {ponderous, MR+ MP+10 Res.Elec. : + Clarity : . W - +1 cloak
Sust.Abil.: . .     Spirit.Shd : .   D - +0 pair of gloves of Boras {+Rage +Inv rC+ Res.Mut. : . Stasis : . H - +2 pair of elf boots {run} Res.Rott. : + Flight : + n - amulet of faith Saprovore : . . . L - ring of Vitality {Regen HP+15} o - +4 ring of protection

@: flying, slow, extremely resistant to hostile enchantments, fairly stealthy
A: large and strong wings, fangs 1, talons 2, life protection 1, electricity
resistance, slow metabolism 1, unbreathing, petrification resistance, AC +12
a: Stop Flying, Heroism, Finesse, Renounce Religion, Evoke Berserk Rage, Evoke
Invisibility


You were on level 4 of the Orcish Mines.
You worshipped Okawaru.
Okawaru was exalted by your worship.
You were hungry.

You visited 3 branches of the dungeon, and saw 22 of its levels.
You also visited: Labyrinth, Sewer and Bailey.

You collected 2294 gold pieces.
You spent 444 gold pieces at shops.

Inventory:

Armour
 b - the +2 leather armour of the Spheres (worn) {+Inv rPois rN+ SInv}
   (Okawaru gifted it to you on level 8 of the Lair of Beasts)

   It protects you from poison.
   It protects you from negative energy.
   It enhances your eyesight.
   It lets you turn invisible.
 f - a +4 orcish ring mail of poison resistance
 y - the +3 hat of Pondering (worn) {ponderous, MR+ MP+10 Int+5}
   (You took it off Gastronok on level 2 of the Orcish Mines)

   It affects your intelligence (+5).
   It affects your resistance to hostile enchantments.
   It affects your magic capacity (+10).
 D - the +0 pair of gloves of Boras (worn) {+Rage +Inv rC+ MR++ SInv}
   (Okawaru gifted it to you on level 4 of the Orcish Mines)

   It protects you from cold.
   It affects your resistance to hostile enchantments.
   It enhances your eyesight.
   It lets you turn invisible.
   It lets you go berserk.
 H - a +2 pair of elven boots of running (worn)
 N - a +1 dwarven helmet
 S - a +2 orcish robe of positive energy
 W - a +1 cloak (worn)
Magical devices
 p - a wand of digging (9)
 x - a wand of draining (4)
 O - a wand of teleportation (5)
 P - a wand of disintegration (10)
 U - a wand of teleportation (1)
 V - a wand of fire (0)
Comestibles
 d - 3 bread rations
 w - 4 meat rations
 G - 3 rotting chunks of ogre flesh
Scrolls
 a - a scroll of identify
 m - 2 scrolls of vulnerability
 v - 4 scrolls of teleportation
 A - 5 scrolls of remove curse
 K - a scroll of magic mapping
Jewellery
 e - a +5 ring of dexterity
 g - an uncursed amulet of warding {unknown}
 h - a +4 ring of evasion
 j - an uncursed ring of sustain abilities
 n - an amulet of faith (around neck)
 o - a +4 ring of protection (left hand)
 q - an uncursed amulet of conservation {unknown}
 r - an uncursed amulet of stasis {unknown}
 s - an uncursed ring of fire
 t - an uncursed amulet of the gourmand {unknown}
 z - an uncursed ring of see invisible
 I - an uncursed ring of teleport control
 L - the ring of Vitality (right hand) {Regen HP+15}
   (You bought it in a shop on level 4 of the Orcish Mines)

   [ring of regeneration]

   It affects your health (+15).
 M - an uncursed amulet of conservation {unknown}
Potions
 i - 2 potions of heal wounds
 k - 3 potions of brilliance
 l - 13 potions of curing
 u - a potion of agility
 B - 3 potions of might
 C - a potion of magic
 E - 3 potions of flight
 J - a potion of berserk rage
 R - a potion of speed
 T - 2 potions of invisibility
Books
 c - the Almanac of Fiery Confrontation
   (You found it in a bailey)

   Spells                             Type                      Level
   Throw Flame                        Conjuration/Fire             2
   Sticky Flame                       Conjuration/Fire             4
   Bolt of Fire                       Conjuration/Fire             6


   Skills:
 - Level 10.0 Fighting
 - Level 4.0 Armour
 - Level 1.5 Dodging
 - Level 2.1 Stealth
 + Level 16.1 Unarmed Combat
 - Level 5.0 Spellcasting
 - Level 6.0 Conjurations
 - Level 3.1 Charms
   Level 0.8 Summonings
 - Level 2.1 Necromancy
 - Level 0.8 Translocations
 - Level 5.0 Transmutations
 - Level 15.0 Earth Magic
 - Level 3.1 Invocations


You had 3 spell levels left.
You knew the following spells:

 Your Spells              Type           Power        Failure   Level  Hunger
a - Magic Dart            Conj           ####         1%          1    None
b - Conjure Flame         Conj/Fire      ####....     6%          3    #......
c - Mephitic Cloud        Conj/Pois/Air  ###.....     10%         3    #......
e - Regeneration          Chrm/Necr      ###.......   10%         3    #......
l - Blink                 Tloc           N/A          8%          2    None
r - Repel Missiles        Chrm/Air       ###.......   6%          2    None
t - Statue Form           Trmt/Erth      ######....   17%         6    ######.


Dungeon Overview and Level Annotations

Branches:
Dungeon (10/27)            Temple (0/1) D:7             Orc (4/4) D:10
    Elf (0/3) Orc:4          Lair (8/8) D:10          Swamp (0/5) Lair:4
 Spider (0/5) Lair:4        Slime (0/6) Lair:6

Altars:
Ashenzari
Elyvilon
Okawaru
Trog
Xom
Beogh

Shops:
D:8: } Orc:2: ( Orc:4: }==*?


Innate Abilities, Weirdness & Mutations

You are resistant to torment.
You are immune to poison.
You can fly continuously.
Your stone body is very resilient (AC +12).*
Your wings are large and strong.*
You have very sharp teeth.*
You have razor-sharp toenails.*
You resist negative energy.*
You are resistant to electric shocks.*
You have a slow metabolism.
You can survive without breathing.*
You are immune to petrification.


Message History

Things that are here:
an orcish hand axe; an orcish leather armour
Things that are here:
an orcish war axe; an orcish leather armour
Things that are here:
an orcish leather armour; an orcish battleaxe You see here an orcish club.
Done exploring.
Done exploring.
Casting: Statue Form
Confirm with . or Enter, or press ? or * to list all spells.
Okay, then.
Search for what [Enter for "book", or ? for help]? book Char dumped successfully.
Save game and exit?
Your Traps skill lost 4 levels and is now at level 0!
Welcome back, Kellhus the Gargoyle Wizard.
Okawaru says: Bring me glory in combat!
Press ? for a list of commands and other information.
Are you sure you want to abandon this character and quit the game? (Confirm with "yes".)

)............)..##
.................#
...#............##
...#.......##...##
........)[[......#
........[<......##
............(...#
.....#......##..##
......#......#..@#
............#.#.##
...............##
..........#.#.##
.......#...####
.............##
..............#
...........#.##
............##


There were no monsters in sight!

Vanquished Creatures
  An orc warlord (Orc:4)
  Gastronok (Orc:2)
  A minotaur (Lab)
  Fannar (Orc:2)
  2 hydras
  Erica (Lair:3)
  7 death yaks (Lair:8)
  A deep troll shaman (Lair:8)
  Nergalle (Orc:2)
  2 centaur warriors (Orc:4)
  A catoblepas (Lair:8)
  A deep elf knight (Bailey)
  A hill giant (D:9)
  A lindwurm (Lair:8)
  4 orc knights
  5 elephants (Lair:8)
  3 black mambas
  Maurice (D:10)
  6 spiny frogs
  4 trolls (Orc:4)
  4 komodo dragons
  2 fire drakes
  Grinder (D:4)
  A minotaur zombie (Lab)
  2 giant leeches (Lair:4)
  17 blink frogs
  2 spectral orcs (Orc:2)
  A dragon zombie (D:10)
  4 basilisks
  3 deep elf summoners (Bailey)
  16 yaks
  8 hippogriffs
  Eustachio (D:4)
  4 deep elf fighters (Bailey)
  2 elephant slugs (Lair:7)
  A necrophage (D:6)
  Edmund (D:4)
  The ghost of tesudzi the Changer, an average OpTm (D:3)
  10 porcupines
  6 wolves (Lair:8)
  2 phantoms
  2 sky beasts
  An ice beast (D:8)
  39 orc warriors
  2 deep elf priests (Bailey)
  A black bear (Lair:8)
  21 ogres
  2 boring beetles
  4 wargs
  14 crocodiles
  Sigmund (D:4)
  2 big kobolds (D:9)
  14 centaurs
  5 giant slugs
  Blork the orc (D:4)
  5 agate snails
  16 giant frogs
  11 water moccasins
  3 killer bees
  A jellyfish (Orc:1)
  3 goliath beetles
  5 crimson imps
  The ghost of 4tharraofdagon the Firebug, a weakling DEFE (D:7)
  7 hounds
  19 orc priests
  4 spiders (Lair:4)
  Crazy Yiuf (D:6)
  2 scorpions
  A siren (Sewer)
  A giant frog skeleton (D:5)
  8 iguanas
  2 removed MONS_DEEP_ELF_SOLDIERs
  6 worker ants
  A mermaid (Sewer)
  29 orc wizards
  12 sheep
  Ijyb (D:5)
  2 jellies
  A big kobold skeleton (D:9)
  A hound zombie (D:6)
  2 gnolls
  17 adders
  33 green rats
  A shadow imp (Bailey)
  A giant centipede (Lair:1)
  2 goliath beetle zombies
  3 worms
  4 giant mites
  4 grey rats (Sewer)
  A giant eyeball (D:8)
  An ooze (D:3)
  210 orcs
  7 ball pythons
  26 goblins
  18 hobgoblins
  17 quokkas
  4 training dummies (D:2)
  19 bats
  5 giant cockroaches
  8 giant geckos
  8 giant newts
  3 goblin skeletons (D:5)
  A hobgoblin zombie (D:6)
  26 jackals
  21 kobolds
  2 kobold skeletons
  A kobold zombie (D:5)
  An orc zombie (D:9)
  42 rats
  A rat skeleton (D:4)
  A fungus (Lair:7)
  A plant (Lair:6)
877 creatures vanquished.

Vanquished Creatures (others)
  A wizard (D:10)
  A blink frog (Lair:2)
  A sky beast (D:6)
  A green rat (Lair:8)
  A goblin (Orc:4)
  2 jackals (Lair:1)
  A giant spore (D:8)
  A kobold (D:9)
  A plant (D:10)
10 creatures vanquished.

Grand Total: 887 creatures vanquished

Notes
Turn   | Place    | Note
--------------------------------------------------------------
     0 | D:1      | Kellhus, the Gargoyle Wizard, began the quest for the Orb.
     0 | D:1      | Reached XP level 1. HP: 8/8 MP: 5/5
   146 | D:1      | Reached XP level 2. HP: 13/13 MP: 1/7
   642 | D:1      | Reached XP level 3. HP: 6/17 MP: 1/9
  1069 | D:2      | Found an iron altar of Okawaru.
  1132 | D:2      | Became a worshipper of Warmaster Okawaru
  1415 | D:2      | Reached skill level 4 in Conjurations
  1524 | D:2      | Reached XP level 4. HP: 22/22 MP: 11/11
  1769 | D:3      | Noticed tesudzi's ghost (average OpTm)
  1776 | D:3      | Killed tesudzi's ghost
  1776 | D:3      | Reached skill level 5 in Conjurations
  1776 | D:3      | Reached XP level 5. HP: 15/26 MP: 3/12
  2016 | D:3      | Reached skill level 6 in Conjurations
  2026 | D:3      | Learned a level 3 spell: Conjure Flame
  2030 | D:3      | Learned a level 3 spell: Mephitic Cloud
  2366 | D:3      | Reached XP level 6. HP: 31/31 MP: 11/15
  2608 | D:4      | Noticed Sigmund
  2734 | D:4      | Killed Sigmund
  2734 | D:4      | Acquired Okawaru's first power
  2885 | D:4      | Noticed Blork the orc
  2885 | D:4      | Reached skill level 1 in Unarmed Combat
  2903 | D:4      | Killed Blork the orc
  3016 | D:4      | Noticed Grinder
  3028 | D:4      | Killed Grinder
  3028 | D:4      | Reached skill level 5 in Unarmed Combat
  3028 | D:4      | Reached XP level 7. HP: 30/35 MP: 12/18
  3038 | D:4      | Noticed Eustachio
  3123 | D:4      | Killed Eustachio
  3249 | D:4      | Reached XP level 8. HP: 40/40 MP: 7/19
  3252 | D:4      | Noticed Edmund
  3285 | D:4      | Killed Edmund
  3285 | D:4      | Reached skill level 7 in Unarmed Combat
  3624 | D:5      | Entered Level 5 of the Dungeon
  3640 | D:5      | Found a white marble altar of Elyvilon.
  3699 | D:5      | Noticed Ijyb
  3725 | D:5      | Killed Ijyb
  3862 | D:5      | Reached skill level 8 in Unarmed Combat
  4090 | D:5      | Found a glowing drain.
  4106 | Sewer    | Entered a sewer
  4128 | Sewer    | Reached skill level 9 in Unarmed Combat
  4709 | Sewer    | Identified a +1 pair of elven boots of running (You found it in a sewer)
  4990 | D:5      | Found a shattered altar of Ashenzari.
  5554 | D:6      | Reached XP level 9. HP: 44/44 MP: 15/20
  5727 | D:6      | Reached skill level 10 in Unarmed Combat
  5998 | D:6      | Found a shimmering altar of Xom.
  6077 | D:6      | Noticed Crazy Yiuf
  6090 | D:6      | Killed Crazy Yiuf
  6090 | D:6      | Reached skill level 11 in Unarmed Combat
  6708 | D:6      | Acquired Okawaru's second power
  7319 | D:7      | Reached skill level 12 in Unarmed Combat
  8080 | D:7      | Noticed 4tharraofdagon's ghost (weakling DEFE)
  8095 | D:7      | Killed 4tharraofdagon's ghost
  8597 | D:7      | Reached XP level 10. HP: 48/48 MP: 18/21
  8648 | D:7      | Found a staircase to the Ecumenical Temple.
  8916 | D:8      | Reached skill level 13 in Unarmed Combat
  9226 | D:8      | Found Ituizot's Gadget Shoppe.
  9653 | D:8      | Learned a level 2 spell: Blink
  9656 | D:8      | Learned a level 2 spell: Repel Missiles
  9923 | D:9      | Received a gift from Okawaru
 10236 | D:9      | Noticed a hill giant
 10367 | D:9      | Reached skill level 14 in Unarmed Combat
 10624 | D:9      | Killed a hill giant
 11172 | D:10     | Entered Level 10 of the Dungeon
 11385 | D:10     | Found a staircase to the Lair.
 11473 | D:10     | Reached skill level 15 in Unarmed Combat
 11495 | D:10     | Noticed Maurice
 11516 | D:10     | Killed Maurice
 11847 | D:10     | Found a bloodstained altar of Trog.
 11847 | D:10     | Noticed a wizard
 11853 | D:10     | Killed a wizard
 12003 | D:10     | Reached XP level 11. HP: 22/56 MP: 12/22
 12248 | D:10     | Found a staircase to the Orcish Mines.
 12452 | Lair:1   | Entered Level 1 of the Lair of Beasts
 12476 | Lair:1   | Reached skill level 5 in Fighting
 12598 | Lair:1   | Reached skill level 1 in Charms
 12636 | Lair:1   | Received a gift from Okawaru
 12696 | Lair:1   | Learned a level 3 spell: Regeneration
 13116 | Lair:2   | Reached skill level 1 in Necromancy
 13310 | Lair:2   | Reached skill level 1 in Armour
 14217 | Lair:3   | Noticed Erica
 14228 | Lair:3   | Killed Erica
 14775 | Lair:4   | Received a gift from Okawaru
 14881 | Lair:4   | Found a labyrinth entrance.
 14932 | Lab      | Entered a labyrinth
 15591 | Lab      | Noticed a minotaur
 15607 | Lab      | Killed a minotaur
 15607 | Lab      | Reached XP level 12. HP: 66/68 MP: 20/23
 15932 | Lair:4   | Reached skill level 10 in Fighting
 16018 | Lair:4   | Found a hole to the Spider Nest.
 16092 | Lair:4   | Reached skill level 1 in Traps
 16624 | Lair:4   | Found a staircase to the Swamp.
 17023 | Lair:5   | Noticed an eight-headed hydra
 17043 | Lair:5   | Learned a level 4 spell: Dig
 17089 | Lair:5   | Killed an eight-headed hydra
 17233 | Lair:5   | Received a gift from Okawaru
 17234 | Lair:5   | Got a pair of crude boots {god gift}
 17238 | Lair:5   | Identified the +0 pair of boots "Aguagur" {rPois Stlth+} (Okawaru gifted it to you on level 5 of the Lair of Beasts)
 17312 | Lair:5   | Reached skill level 5 in Earth Magic
 17947 | Lair:6   | Found a staircase to the Slime Pits.
 17966 | Lair:6   | Noticed a five-headed hydra
 18000 | Lair:6   | Killed a five-headed hydra
 18419 | Lair:6   | Reached skill level 10 in Earth Magic
 18730 | Lair:7   | Reached XP level 13. HP: 74/74 MP: 24/24
 19573 | Lair:8   | Entered Level 8 of the Lair of Beasts
 19729 | Lair:8   | Reached skill level 5 in Spellcasting
 19784 | Lair:8   | Received a gift from Okawaru
 19784 | Lair:8   | Reached skill level 1 in Invocations
 20308 | Lair:8   | Learned a level 6 spell: Statue Form
 20408 | Lair:8   | Reached skill level 1 in Transmutations
 20938 | Lair:8   | Received a gift from Okawaru
 20939 | Lair:8   | Got a jewelled leather armour {god gift}
 20950 | Lair:8   | Identified the +2 leather armour of the Spheres {+Inv rPois rN+ SInv} (Okawaru gifted it to you on level 8 of the Lair of Beasts)
 22444 | Orc:1    | Entered Level 1 of the Orcish Mines
 22752 | Orc:1    | Found a roughly hewn altar of Beogh.
 23060 | Orc:2    | Found a flagged portal.
 23094 | Bailey   | Entered a bailey
 23411 | Bailey   | Reached skill level 5 in Transmutations
 23565 | Bailey   | Identified the Almanac of Fiery Confrontation
 23645 | Bailey   | Received a gift from Okawaru
 23768 | Orc:2    | Noticed Nergalle
 23786 | Orc:2    | Killed Nergalle
 23786 | Orc:2    | Gained mutation: Your wings are large and strong. [gargoyle growth]
 23786 | Orc:2    | Reached XP level 14. HP: 75/80 MP: 23/26
 24046 | Orc:2    | Noticed Fannar
 24053 | Orc:2    | Found Saaqu's Weapon Boutique.
 24062 | Orc:2    | Killed Fannar
 24120 | Orc:2    | Noticed Gastronok
 24135 | Orc:2    | Killed Gastronok
 25006 | Orc:3    | Reached skill level 15 in Earth Magic
 25470 | Orc:4    | Entered Level 4 of the Orcish Mines
 26076 | Orc:4    | Found Udaot Huawk's Magic Scroll Emporium.
 26087 | Orc:4    | Noticed an orc warlord
 26247 | Orc:4    | Killed an orc warlord
 26247 | Orc:4    | Received a gift from Okawaru
 26703 | Orc:4    | Found a staircase to the Elven Halls.
 26827 | Orc:4    | Found Amukako's Jewellery Shoppe.
 26827 | Orc:4    | Found Plog's Jewellery Boutique.
 26827 | Orc:4    | Found Kluyth's Assorted Antiques.
 27738 | Orc:4    | Found a roughly hewn altar of Beogh.
 27786 | Orc:4    | Received a gift from Okawaru
 27786 | Orc:4    | Reached skill level 16 in Unarmed Combat
 27789 | Orc:4    | Got a pair of distressingly furry gloves {god gift}
 27835 | Orc:4    | Identified the +0 pair of gloves of Boras {+Rage +Inv rC+ MR++ SInv} (Okawaru gifted it to you on level 4 of the Orcish Mines)
 27951 | Orc:4    | Found Cloakow's Gadget Emporium.
 27962 | Orc:4    | Bought the ring of Vitality {Regen HP+15} for 444 gold pieces
 28437 | Orc:4    | Upgraded the game from 0.13-a0-2348-g42d4ca8 to 0.13-a0-2484-gc765b08
 28437 | Orc:4    | Quit the game

Action                   |  1- 3 |  4- 6 |  7- 9 | 10-12 | 13-15 || total
-------------------------+-------+-------+-------+-------+-------++-------
Melee: Unarmed           |    45 |       |   187 |   743 |  1258 ||  2233
       Morningstar       |       |     8 |       |       |       ||     8
 Cast: Magic Dart        |    95 |   116 |   403 |   489 |    81 ||  1184
       Mephitic Cloud    |       |     2 |    17 |    15 |     4 ||    38
       Conjure Flame     |       |       |    16 |    54 |    15 ||    85
       Repel Missiles    |       |       |       |     2 |    19 ||    21
       Blink             |       |       |       |     1 |       ||     1
       Regeneration      |       |       |       |       |    19 ||    19
       Statue Form       |       |       |       |       |    18 ||    18
Invok: Heroism           |       |       |       |       |    11 ||    11
 Abil: End Transformatio |       |       |       |       |     6 ||     6
       Fly               |       |       |       |       |     1 ||     1
Evoke: Wand              |       |       |     3 |    13 |     2 ||    18
  Use: Scroll            |       |     5 |     7 |    21 |     8 ||    41
       Potion            |       |       |     1 |     3 |     2 ||     6
 Stab: Confused          |       |       |     4 |    15 |     1 ||    20
       Fleeing           |       |       |       |       |     1 ||     1
       Paralysed         |       |       |       |       |     1 ||     1
       Distracted        |       |       |       |       |     1 ||     1
       Sleeping          |       |       |       |       |     1 ||     1
